 Dungeon Crawl Stone Soup version 0.23.1 (webtiles) character file.

Game seed: 7038538637203353160

136 Borgoz the Skirmisher (level 5, 26/44 (45) HPs)
             Began as a Ghoul Warper on Mar 8, 2019.
             Quit the game on level 3 of the Dungeon.
             The game lasted 00:04:14 (2649 turns).

Borgoz the Skirmisher (Ghoul Warper)                Turns: 2649, Time: 00:04:15

HP:   26/44 (45)    AC: 11    Str: 15    XL:     5   Next: 19%
MP:   7/7           EV: 12    Int:  8    God:
Gold: 99            SH:  0    Dex:  9    Spells: 8/8 levels left

rFire    . . .     SeeInvis .   l - +1 dagger (protect)
rCold    + . .     Gourm    .   (no shield)
rNeg     + + +     Faith    .   a - +1 leather armour
rPois    ∞         Spirit   .   (no helmet)
rElec    .         Reflect  .   (no cloak)
rCorr    .         Harm     .   (no gloves)
MR       +....                  (no boots)
Stlth    ..........             (no amulet)
HPRegen  0.00/turn              j - ring of protection from magic
MPRegen  0.10/turn              m - ring of attention (curse)

@: protection aura, rotting, very slow
A: rotting body, claws 1, carnivore, cold resistance 1, negative energy
resistance 3, inhibited regeneration, torment resistance, unbreathing
a: no special abilities


You were on level 3 of the Dungeon.
You were not hungry.

You visited 1 branch of the dungeon, and saw 3 of its levels.

You collected 99 gold pieces.

Inventory:

Hand Weapons
 l - a +1 dagger of protection (weapon)
Missiles
 d - 5 tomahawks of dispersal (quivered)
Armour
 a - a +1 leather armour (worn)
 r - a cursed +0 helmet
Jewellery
 j - a ring of protection from magic (left claw)
 m - a cursed ring of attention (right claw)
Wands
 q - a wand of digging (2)
Scrolls
 c - a scroll of blinking
 g - a scroll of remove curse
 n - a scroll of fear {unknown}
 t - a scroll of identify
 u - a scroll of fog {unknown}
Potions
 e - a potion of brilliance {unknown}
 h - 2 potions of agility {unknown}
 i - 2 potions of haste
 k - a potion of flight {unknown}
 o - a potion of curing
 p - a potion of ambrosia {unknown}
 s - a potion of cancellation {unknown}
Comestibles
 b - 7 chunks of flesh
 f - 4 rations


   Skills:
 + Level 3.2 Fighting
 * Level 1.9 Short Blades
 - Level 0.8 Throwing
 * Level 2.3 Armour
 + Level 2.3 Dodging
 - Level 2.1 Unarmed Combat
 + Level 2.2 Spellcasting
   Level 2.6 Translocations


You had 8 spell levels left.
You didn't know any spells.
Your spell library contained the following spells:

 Spells                   Type           Power        Failure   Level  Hunger
 Blink                    Tloc           N/A          22%         2    ###....
 Shroud of Golubria       Chrm/Tloc      #.........   36%         2    ###....
 Gell's Gravitas          Tloc           #.........   38%         3    ####...
 Lesser Beckoning         Tloc           #.........   38%         3    ####...
 Teleport Other           Tloc           #.......     38%         3    ####...
 Passage of Golubria      Tloc           N/A          80%         4    #####..


Dungeon Overview and Level Annotations

Branches:
Dungeon (3/15)

Altars:
Cheibriados
Elyvilon


Innate Abilities, Weirdness & Mutations

Your body is rotting away.
You thrive on raw meat.
You are immune to poison.
You have sharp fingernails.
You are carnivorous and can eat meat at any time.
Your flesh is cold resistant. (rC+)
You are immune to negative energy. (rN+++)
You do not regenerate when monsters are visible.
You are immune to unholy pain and torment.
You can survive without breathing.


Message History

You hit the worm but do no damage. You claw the worm.
The worm is moderately wounded.
The worm bites you but does no damage.
Your unstable footing causes you to fumble your attack.
You barely miss the worm.
The worm is lightly wounded.
You feel your flesh rotting away. The worm closely misses you.
You hit the worm.
The worm is lightly wounded.
The worm bites you but does no damage.
Your unstable footing causes you to fumble your attack.
You hit the worm.
The worm is lightly wounded.
The worm barely misses you.
Your unstable footing causes you to fumble your attack.
You barely miss the worm.
The worm is lightly wounded.
The worm bites you.
Are you sure you want to abandon this character and quit the game? (Confirm with "yes".)

≈##..[.........# #.#
###............######
#†# #
#.................##
#.# #
#............####..#
#.# # #.........####
##.# #.# #
###########≈######≈##
#.# #≈≈≈≈≈≈#≈≈≈# #.#
### #≈≈≈#†≈#≈≈≈# #.#
..## ##≈##@≈##≈## #.#
...# #≈#≈w≈≈#≈# #.#
...# #÷#≈.≈≈#≈# #.#
...##########≈##≈≈##≈##
#.#
..[........#≈≈≈####≈≈≈#
#.#
#...########≈≈≈≈≈≈≈≈≈≈#
#.# ##..# ##≈######≈##
#.# ....# #### ### #.#
##.#########.# #.#


You could see a worm.

Vanquished Creatures
  Robin (D:3)
  5 adders
  An ooze (D:2)
  3 worms (D:2)
  2 dart slugs
  A leopard gecko (D:3)
  A ball python (D:2)
  3 giant cockroaches
  4 hobgoblins
  4 jackals (D:2)
  8 kobolds
  A quokka (D:2)
  6 bats
  3 frilled lizards
  13 goblins
  6 rats
62 creatures vanquished.

Notes
Turn   | Place    | Note
-------+----------+-------------------------------------------
     0 | D:1      | Borgoz the Ghoul Warper began the quest for the Orb.
     0 | D:1      | Reached XP level 1. HP: 17/17 MP: 2/2
   134 | D:1      | Reached skill level 1 in Armour
   224 | D:1      | Reached XP level 2. HP: 14/25 MP: 3/3
   773 | D:2      | Reached XP level 3. HP: 9/30 MP: 4/4
   938 | D:2      | Found a white marble altar of Elyvilon.
   997 | D:2      | Found a snail-covered altar of Cheibriados.
  1210 | D:2      | Reached skill level 1 in Short Blades
  1368 | D:2      | Reached XP level 4. HP: 27/37 MP: 6/6
  1526 | D:2      | Reached skill level 3 in Fighting
  2442 | D:3      | Noticed Robin
  2455 | D:3      | Reached XP level 5. HP: 41/44 MP: 7/7
  2468 | D:3      | Killed Robin
  2649 | D:3      | Quit the game

Skill      XL: |  1  2  3  4 |
---------------+-------------+-----
Armour         | 1 2 |  2.3
Dodging        | 2 |  2.3
Spellcasting   | 2 |  2.2
Short Blades   | 1 |  1.9
Fighting       | 3 |  3.2
Throwing       | |  0.8
Unarmed Combat | |  2.1
Translocations | |  2.6

Action                   |  1- 3 |  4- 6 || total
-------------------------+-------+-------++-------
Melee: Unarmed           |    94 |       ||    94
       Punch             |     1 |     4 ||     5
       Dagger            |    94 |   218 ||   312
  Use: Scroll            |     2 |     3 ||     5
       Potion            |     1 |       ||     1
  Eat: Chunk             |    12 |     8 ||    20
Armor: Leather armour    |    51 |    71 ||   122
Dodge: Dodged            |   124 |   136 ||   260
